TOP OF THE 1ST |
Colorado Rockies batting - Pitching for San Francisco Giants : RHP Tim Welshman
|
Pitching: RHP Tim Welshman
|
|
Batting: LHB Freddy Troncoso
|
0-0: Called Strike 0-1: Ball 1-1: Ball 2-1: Foul Ball, location: 2F 2-2: Foul Ball, location: 2F 2-2: Foul Ball, location: 2F 2-2: Ball 3-2: Foul Ball, location: 2F 3-2: Base on Balls
|
Batting: SHB Eddie Quinones
|
0-0: Called Strike 0-1: Ball 1-1: Foul Ball, location: 2F 1-2: Ball 2-2: Ball 3-2: SINGLE (Groundball, 34S, EV 78.8 MPH) (infield hit) Freddy Troncoso to second
|
Batting: RHB Joel Haycock
|
0-0: Foul Ball, location: 2F 0-1: Swinging Strike 0-2: Ball 1-2: Reached on error, E7 (Line Drive, 7, EV 93.1 MPH) Freddy Troncoso scores Eddie Quinones to third
|
Batting: RHB Jason Andrews
|
0-0: Fly out, F7 (Flyball, 7, EV 86.2 MPH) Runner from 3rd tags up, SCORES, no throw by LF
|
Batting: LHB Shawn Morrison
|
0-0: Ball 1-0: Ground out 4-3 (Groundball, 34, EV 81.9 MPH) Joel Haycock to third
|
Batting: SHB Chris Blue
|
0-0: Ball 1-0: SINGLE (Line Drive, 34, EV 96.9 MPH) Joel Haycock scores
|
Batting: RHB Henry Alvizo
|
0-0: Swinging Strike 0-1: Called Strike 0-2: Ball 1-2: Ball Chris Blue steals 2nd base 2-2: Ball 3-2: Foul Ball, location: 2F 3-2: Strikes out swinging
|
Top of the 1st over - 3 runs, 2 hits, 1 error, 1 left on base; Colorado 3 - San Francisco 0 |
BOTTOM OF THE 1ST |
San Francisco Giants batting - Pitching for Colorado Rockies : RHP Jaden Mackey
|
Pitching: RHP Jaden Mackey
|
|
Batting: RHB Nick Rigden
|
0-0: Ball 1-0: Ball 2-0: Ground out 5-3 (Groundball, 56, EV 78.1 MPH)
|
Batting: RHB Bobby Ayala
|
0-0: Ball 1-0: Called Strike 1-1: Foul Ball, location: 2F 1-2: Fly out, F8 (Flyball, 8RS, EV 84.4 MPH)
|
Batting: RHB Sean Zielinski
|
0-0: Ball 1-0: SINGLE (Line Drive, 78S, EV 100.0 MPH)
|
Batting: LHB Carey Horncole
|
0-0: Fly out, F7 (Flyball, 7D, EV 106.9 MPH)
|
Bottom of the 1st over - 0 runs, 1 hit, 0 errors, 1 left on base; Colorado 3 - San Francisco 0 |
TOP OF THE 2ND |
Colorado Rockies batting - Pitching for San Francisco Giants : RHP Tim Welshman
|
Batting: SHB Jon Munoz
|
0-0: Called Strike 0-1: Ball 1-1: SINGLE (Line Drive, 8LS, EV 88.8 MPH)
|
Batting: SHB Billy Encinias
|
0-0: Grounds into double play, 4-6-3 (Groundball, 34, EV 88.8 MPH)
|
Batting: LHB Freddy Troncoso
|
0-0: Foul Ball, location: 2F 0-1: Foul Ball, location: 2F 0-2: Ball 1-2: Ground out 6-3 (Groundball, 6, EV 105.0 MPH)
|
Top of the 2nd over - 0 runs, 1 hit, 0 errors, 0 left on base; Colorado 3 - San Francisco 0 |
BOTTOM OF THE 2ND |
San Francisco Giants batting - Pitching for Colorado Rockies : RHP Jaden Mackey
|
Batting: SHB Ryan Doss
|
0-0: Ball 1-0: Ball 2-0: Called Strike 2-1: Called Strike 2-2: Ball 3-2: Base on Balls
|
Batting: RHB Kevin Howard
|
0-0: Grounds into double play, 6-4-3 (Groundball, 6, EV 89.4 MPH)
|
Batting: LHB Tom Best
|
0-0: Swinging Strike 0-1: Swinging Strike 0-2: Ball 1-2: Ball 2-2: Ball 3-2: Base on Balls
|
Batting: LHB John Blair
|
0-0: Called Strike 0-1: Ball 1-1: Swinging Strike 1-2: Ground out 4-3 (Groundball, 4, EV 77.5 MPH)
|
Bottom of the 2nd over - 0 runs, 0 hits, 0 errors, 1 left on base; Colorado 3 - San Francisco 0 |
TOP OF THE 3RD |
Colorado Rockies batting - Pitching for San Francisco Giants : RHP Tim Welshman
|
Batting: SHB Eddie Quinones
|
0-0: Foul Ball, location: 2F 0-1: Ball 1-1: DOUBLE (Flyball, 8LXD, EV 96.9 MPH)
|
Batting: RHB Joel Haycock
|
0-0: Called Strike 0-1: Fly out, F9 (Flyball, 9, EV 90.0 MPH)
|
Batting: RHB Jason Andrews
|
0-0: Ball 1-0: Ball 2-0: Ball 3-0: Called Strike 3-1: Swinging Strike 3-2: Foul Ball, location: 2F 3-2: Foul Ball, location: 2F 3-2: Ground out 5-3 (Groundball, 56, EV 86.2 MPH)
|
Batting: LHB Shawn Morrison
|
0-0: Called Strike 0-1: Ball 1-1: Foul Ball, location: 2F 1-2: Ball 2-2: Strikes out swinging
|
Top of the 3rd over - 0 runs, 1 hit, 0 errors, 1 left on base; Colorado 3 - San Francisco 0 |
BOTTOM OF THE 3RD |
San Francisco Giants batting - Pitching for Colorado Rockies : RHP Jaden Mackey
|
Batting: RHB John Creel
|
0-0: Ground out 4-3 (Groundball, 4, EV 84.4 MPH)
|
Batting: RHB Nick Rigden
|
0-0: Fly out, F9 (Line Drive, 9, EV 89.4 MPH)
|
Batting: RHB Bobby Ayala
|
0-0: Foul Ball, location: 2F 0-1: Ball 1-1: Foul Ball, location: 2F 1-2: Strikes out swinging
|
Bottom of the 3rd over - 0 runs, 0 hits, 0 errors, 0 left on base; Colorado 3 - San Francisco 0 |
TOP OF THE 4TH |
Colorado Rockies batting - Pitching for San Francisco Giants : RHP Tim Welshman
|
Batting: SHB Chris Blue
|
0-0: Ball 1-0: Called Strike 1-1: Swinging Strike 1-2: Foul Ball, location: 2F 1-2: Strikes out swinging
|
Batting: RHB Henry Alvizo
|
0-0: Foul Ball, location: 2F 0-1: Called Strike 0-2: DOUBLE (Flyball, 78D, EV 91.9 MPH)
|
Batting: SHB Jon Munoz
|
0-0: Called Strike 0-1: Swinging Strike 0-2: Ball 1-2: Foul Ball, location: 2F 1-2: Ball 2-2: Ball 3-2: Fly out, F8 (Line Drive, 8LM, EV 100.0 MPH)
|
Batting: SHB Billy Encinias
|
0-0: Ball 1-0: Foul Ball, location: 2F 1-1: Foul Ball, location: 2F 1-2: Ground out U3 (Groundball, 3S, EV 78.1 MPH)
|
Top of the 4th over - 0 runs, 1 hit, 0 errors, 1 left on base; Colorado 3 - San Francisco 0 |
BOTTOM OF THE 4TH |
San Francisco Giants batting - Pitching for Colorado Rockies : RHP Jaden Mackey
|
Batting: RHB Sean Zielinski
|
0-0: Called Strike 0-1: Ball 1-1: Ground out 6-3 (Groundball, 6, EV 80.0 MPH)
|
Batting: LHB Carey Horncole
|
0-0: Called Strike 0-1: Ground out 2-3 (Groundball, 15S, EV 65.0 MPH)
|
Batting: SHB Ryan Doss
|
0-0: Foul Ball, location: 2F 0-1: Foul Ball, location: 2F 0-2: Ball 1-2: Fly out, F9 (Flyball, 9, EV 95.0 MPH)
|
Bottom of the 4th over - 0 runs, 0 hits, 0 errors, 0 left on base; Colorado 3 - San Francisco 0 |
TOP OF THE 5TH |
Colorado Rockies batting - Pitching for San Francisco Giants : RHP Tim Welshman
|
Batting: LHB Freddy Troncoso
|
0-0: Ball 1-0: Ball 2-0: Called Strike 2-1: Called Strike 2-2: Foul Ball, location: 2F 2-2: Ball 3-2: Base on Balls
|
Batting: SHB Eddie Quinones
|
0-0: Called Strike 0-1: Ball 1-1: Grounds into double play, 3-6-3 (Groundball, 3, EV 83.8 MPH)
|
Batting: RHB Joel Haycock
|
0-0: Ground out 5-3 (Groundball, 56, EV 103.1 MPH)
|
Top of the 5th over - 0 runs, 0 hits, 0 errors, 0 left on base; Colorado 3 - San Francisco 0 |
BOTTOM OF THE 5TH |
San Francisco Giants batting - Pitching for Colorado Rockies : RHP Jaden Mackey
|
Batting: RHB Kevin Howard
|
0-0: Ball 1-0: Ball 2-0: Called Strike 2-1: Called Strike 2-2: Foul Ball, location: 2F 2-2: Foul Ball, location: 2F 2-2: SINGLE (Line Drive, 78S, EV 107.5 MPH)
|
Batting: LHB Tom Best
|
0-0: Ball 1-0: Grounds into double play, 4-6-3 (Groundball, 13, EV 83.1 MPH)
|
Batting: LHB John Blair
|
0-0: Ball 1-0: Called Strike 1-1: Ball 2-1: Swinging Strike 2-2: Ball 3-2: Strikes out swinging
|
Bottom of the 5th over - 0 runs, 1 hit, 0 errors, 0 left on base; Colorado 3 - San Francisco 0 |
TOP OF THE 6TH |
Colorado Rockies batting - Pitching for San Francisco Giants : RHP Tim Welshman
|
Batting: RHB Jason Andrews
|
0-0: Ball 1-0: Called Strike 1-1: Ball 2-1: Ball 3-1: Called Strike 3-2: Strikes out swinging
|
Pitching: RHP Nate Heideman
|
|
Batting: LHB Shawn Morrison
|
0-0: Ball 1-0: Foul Ball, location: 2F 1-1: Ball 2-1: Foul Ball, location: 2F 2-2: Ball 3-2: Fly out, F8 (Flyball, 8RD, EV 91.2 MPH)
|
Batting: SHB Chris Blue
|
0-0: Foul Ball, location: 2F 0-1: Called Strike 0-2: DOUBLE (Line Drive, 9LM, EV 110.0 MPH)
|
Batting: RHB Henry Alvizo
|
0-0: Called Strike 0-1: Foul Ball, location: 2F 0-2: Ball 1-2: Ball 2-2: Foul Ball, location: 2F 2-2: Fly out, F9 (Flyball, 89M, EV 79.4 MPH)
|
Top of the 6th over - 0 runs, 1 hit, 0 errors, 1 left on base; Colorado 3 - San Francisco 0 |
BOTTOM OF THE 6TH |
San Francisco Giants batting - Pitching for Colorado Rockies : RHP Jaden Mackey
|
Batting: RHB John Creel
|
0-0: Swinging Strike 0-1: Foul Ball, location: 2F 0-2: Ball 1-2: Strikes out swinging
|
Batting: RHB Nick Rigden
|
0-0: Fly out, F8 (Line Drive, 8RM, EV 91.9 MPH)
|
Batting: RHB Bobby Ayala
|
0-0: Ball 1-0: Called Strike 1-1: Ball 2-1: Ball 3-1: Called Strike 3-2: Strikes out swinging
|
Bottom of the 6th over - 0 runs, 0 hits, 0 errors, 0 left on base; Colorado 3 - San Francisco 0 |
TOP OF THE 7TH |
Colorado Rockies batting - Pitching for San Francisco Giants : RHP Nate Heideman
|
Pitching: LHP Chris Moris
|
|
Batting: SHB Jon Munoz
|
0-0: Swinging Strike 0-1: Ball 1-1: SINGLE (Groundball, 34S, EV 68.1 MPH) (infield hit)
|
Batting: SHB Billy Encinias
|
0-0: Sac Bunt to 25 - play at first, batter OUT! 5-3 Jon Munoz to second
|
Batting: LHB Freddy Troncoso
|
0-0: Ball 1-0: Foul Ball, location: 2F 1-1: Ball 2-1: Foul Ball, location: 2F 2-2: Strikes out swinging
|
Batting: SHB Eddie Quinones
|
Balk! Jon Munoz to third 0-0: Ball 1-0: Foul Ball, location: 2F 1-1: Called Strike 1-2: Ball 2-2: Ball 3-2: Foul Ball, location: 2F 3-2: Strikes out swinging
|
Top of the 7th over - 0 runs, 1 hit, 0 errors, 1 left on base; Colorado 3 - San Francisco 0 |
BOTTOM OF THE 7TH |
San Francisco Giants batting - Pitching for Colorado Rockies : RHP Jaden Mackey
|
Batting: RHB Sean Zielinski
|
0-0: Called Strike 0-1: Called Strike 0-2: SINGLE (Groundball, 6MD, EV 108.8 MPH)
|
Batting: LHB Carey Horncole
|
0-0: Ball 1-0: Swinging Strike 1-1: Ball 2-1: Called Strike 2-2: Foul Ball, location: 2F 2-2: Foul Ball, location: 2F 2-2: Foul Ball, location: 2F 2-2: Fly out, F7 (Flyball, 78M, EV 80.0 MPH)
|
Batting: SHB Ryan Doss
|
0-0: Called Strike 0-1: Ball 1-1: Foul Ball, location: 2F 1-2: Ball 2-2: Foul Ball, location: 2F 2-2: Foul Ball, location: 2F 2-2: Fielders Choice at 2nd, 1-6 (Groundball, P, EV 71.2 MPH)
|
Batting: RHB Kevin Howard
|
0-0: Called Strike 0-1: Ball 1-1: Ball 2-1: Ball 3-1: Base on Balls Ryan Doss to second
|
Batting: LHB Tom Best
|
0-0: Ball 1-0: Foul Ball, location: 2F 1-1: Foul Ball, location: 2F 1-2: Foul Ball, location: 2F 1-2: Strikes out swinging
|
Bottom of the 7th over - 0 runs, 1 hit, 0 errors, 2 left on base; Colorado 3 - San Francisco 0 |
TOP OF THE 8TH |
Colorado Rockies batting - Pitching for San Francisco Giants : LHP Chris Moris
|
Batting: RHB Joel Haycock
|
0-0: Ball 1-0: Ball 2-0: Ball 3-0: Called Strike 3-1: Ground out 6-3 (Groundball, 6, EV 85.6 MPH)
|
Batting: RHB Jason Andrews
|
0-0: Foul Ball, location: 2F 0-1: Swinging Strike 0-2: Strikes out swinging
|
Batting: LHB Shawn Morrison
|
0-0: DOUBLE (Line Drive, 7LS, EV 98.8 MPH)
|
Batting: SHB Chris Blue
|
0-0: Called Strike 0-1: Foul Ball, location: 2F 0-2: Ground out 6-3 (Groundball, 6, EV 86.9 MPH)
|
Top of the 8th over - 0 runs, 1 hit, 0 errors, 1 left on base; Colorado 3 - San Francisco 0 |
BOTTOM OF THE 8TH |
San Francisco Giants batting - Pitching for Colorado Rockies : RHP Jaden Mackey
|
Pitching: LHP Randy Rowland
|
|
Batting: LHB John Blair
|
0-0: Ball 1-0: Ball 2-0: Called Strike 2-1: Ball 3-1: Fly out, F8 (Flyball, 8RXD, EV 88.8 MPH)
|
Batting: RHB John Creel
|
0-0: Ball 1-0: Ball 2-0: Ball 3-0: Called Strike 3-1: Base on Balls
|
Batting: RHB Nick Rigden
|
0-0: Ball 1-0: Reached on error, E6 (Groundball, 6M, EV 101.9 MPH) John Creel to second
|
Batting: RHB Bobby Ayala
|
0-0: Called Strike 0-1: Swinging Strike 0-2: Ball 1-2: Strikes out swinging
|
Batting: RHB Sean Zielinski
|
0-0: Ball 1-0: Ball 2-0: Foul Ball, location: 2F 2-1: Swinging Strike 2-2: Ball 3-2: Base on Balls John Creel to third Nick Rigden to second
|
Batting: LHB Carey Horncole
|
0-0: Ball 1-0: DOUBLE (Flyball, 8RXD, EV 100.6 MPH) John Creel scores Nick Rigden scores Sean Zielinski to third Runner from 3rd tries for Home, SAFE, throw by CF to home
|
Pitching: RHP Mitch Guerrero
|
|
Batting: SHB Ryan Doss
|
0-0: Ball 1-0: Ball 2-0: Called Strike 2-1: Fly out, F8 (Flyball, 78D, EV 100.0 MPH)
|
Bottom of the 8th over - 3 runs, 1 hit, 1 error, 1 left on base; Colorado 3 - San Francisco 3 |
TOP OF THE 9TH |
Colorado Rockies batting - Pitching for San Francisco Giants : LHP Chris Moris
|
Pitching: RHP Andrew Kindig
|
|
Batting: RHB Henry Alvizo
|
0-0: Ball 1-0: Foul Ball, location: 2F 1-1: Ball 2-1: Foul Ball, location: 2F 2-2: Hit by Pitch
|
Batting: SHB Jon Munoz
|
0-0: Foul Ball, location: 2F 0-1: Ball 1-1: Foul Ball, location: 2F 1-2: Ground out 4-3 (Groundball, 4M, EV 106.9 MPH) Henry Alvizo to second
|
Batting: SHB Billy Encinias
|
0-0: Ball 1-0: Called Strike Henry Alvizo is caught stealing 3rd base 2-5 1-1: Ball 2-1: SINGLE (Line Drive, 89M, EV 102.5 MPH)
|
Batting: LHB Freddy Troncoso
|
0-0: Foul Ball, location: 2F 0-1: Ball 1-1: Ball 2-1: SINGLE (Groundball, 34S, EV 68.8 MPH) (infield hit) Billy Encinias to second
|
Batting: SHB Eddie Quinones
|
0-0: Swinging Strike 0-1: Called Strike 0-2: Ball 1-2: Strikes out swinging
|
Top of the 9th over - 0 runs, 2 hits, 0 errors, 2 left on base; Colorado 3 - San Francisco 3 |
BOTTOM OF THE 9TH |
San Francisco Giants batting - Pitching for Colorado Rockies : RHP Mitch Guerrero
|
Pitching: RHP Tye Dickinson
|
|
Batting: LHB Jack Henningar
|
0-0: Swinging Strike 0-1: Swinging Strike 0-2: Ball 1-2: Ball 2-2: Ball 3-2: Foul Ball, location: 2F 3-2: Base on Balls
|
Batting: LHB Tom Best
|
0-0: Called Strike 0-1: Called Strike 0-2: Ball 1-2: Strikes out looking
|
Batting: LHB John Blair
|
0-0: Ball 1-0: Swinging Strike 1-1: Ball 2-1: DOUBLE (Line Drive, 7LD, EV 112.5 MPH) Jack Henningar to third Runner from 3rd tries for Home, SAFE, no throw by LF
|
Bottom of the 9th over - 1 run, 1 hit, 0 errors, 1 left on base; Colorado 3 - San Francisco 4 |
|